Map: Emerald City LE

Players

OpuS

  • Race: Protoss Protoss
  • League: Diamond
  • Spawn Location: 5:00

Sketchaphone

  • Race: Zerg Zerg
  • League: Gold
  • Spawn Location: 5:00

meatchef - Winner!

  • Race: Protoss Protoss
  • League: Platinum
  • Spawn Location: 11:00

Mesohongry - Winner!

  • Race: Protoss Protoss
  • League: Platinum
  • Spawn Location: 11:00

VOD

Have the link to the VOD?

Description

Time

  • Played on: Jan. 22, 2019, noon
  • Length: 14:36
Show
View Real Time Build Order
Export as new Build Order

OpuS Protoss 

Build Orders: 1 Gate Expand 

Get SALT Encoding   

  12  0:01  Probe  
  13  0:13  Probe  
  14  0:20  Pylon  
  14  0:25  Probe  
  15  0:39  Gateway  
  15  0:41  Probe  
  15  0:49  Probe  
  16  0:53  Assimilator  
  17  0:59  Probe  
  18  1:24  Nexus  
  18  1:36  Probe  
  19  1:53  Forge  
  19  1:58  Zealot  
  18  2:08  Cybernetics Core  
  17  2:40  Photon Cannon  
  17  2:45  Photon Cannon  
  17  2:52  Photon Cannon  
  17  2:54  Pylon  
  17  3:01  Probe  
  18  3:18  Probe  
  18  3:24  Photon Cannon  
  18  3:30  Probe  
  19  3:35  Pylon  
  19  3:38  Probe  
  19  3:46  Probe  
  21  3:56  Probe  
  21  4:01  Shield Battery  
  20  4:04  Probe  
  20  4:06  Photon Cannon  
  21  4:12  Probe  
  22  4:25  Assimilator  
  22  4:52  Robotics Facility  
  22  5:02  Photon Cannon  
  22  5:03  Pylon  
  22  5:14  Robotics Facility  
  22  5:21  Robotics Facility  
  22  5:28  Immortal  
  26  5:48  Robotics Bay  
  26  5:54  Stalker  
  28  5:57  Warp Gate  
  28  5:59  Immortal  
  28  6:00  Shield Battery  
  32  6:19  Immortal  
  36  6:31  Stalker  
  38  6:52  Observer  
  39  7:01  Observer  
  40  7:16  Immortal  
  44  7:26  Pylon  
  44  7:28  Pylon  
  44  7:29  Pylon  
  44  7:35  Immortal  
  44  7:48  Stalker  
  50  7:56  Gateway  
  47  8:33  Nexus  
  47  8:39  Immortal  
  51  8:47  Probe  
  52  9:03  Probe  
  52  9:05  Stalker  
  52  9:07  Stalker  
  57  9:15  Probe  
  38  9:48  Pylon  
  38  9:49  Probe x2  
  38  9:50  Pylon  
  38  9:51  Stalker x2  
  44  10:14  Probe x2  
  44  10:19  Photon Cannon  
  44  10:21  Shield Battery  
  46  10:26  Probe x2  
  48  10:36  Sentry x2  
  48  10:38  Probe x2  
  54  10:50  Probe  
  55  10:59  Stalker x2  
  59  11:06  Shield Battery  
  59  11:08  Probe x2  
  59  11:09  Photon Cannon  
  61  11:18  Assimilator  
  61  11:20  Probe x2  
  54  11:44  Nexus  
  54  11:54  Twilight Council  
  54  12:06  Zealot x2  
  54  12:53  Probe  
  54  12:57  Probe  
  52  13:05  Probe  
  43  13:09  Probe  
  43  13:10  Templar Archives  
  44  13:14  Assimilator  
  44  13:17  Probe, Observer  
  46  13:21  Probe  
  47  13:30  Zealot x2  
  51  13:34  Gateway  
  51  13:36  Gateway  
  51  13:37  Immortal  
  51  13:48  Pylon  
  51  13:54  Stalker x2  
Show
View Real Time Build Order
Export as new Build Order

Sketchaphone Zerg 

Build Orders: Hatch First 

Get SALT Encoding   

  12  0:01  Drone  
  13  0:15  Overlord  
  13  0:20  Drone  
  14  0:25  Extractor  
  14  0:26  Drone  
  15  0:36  Drone  
  15  0:37  Drone  
  17  0:54  Drone  
  18  1:01  Hatchery  
  17  1:14  Spawning Pool  
  17  1:16  Extractor  
  15  1:28  Drone  
  15  1:29  Drone  
  17  1:54  Hatchery  
  17  2:06  Roach Warren  
  16  2:10  Hatchery  
  16  2:11  Drone  
  16  2:18  Spine Crawler  
  15  2:24  Drone  
  16  2:42  Queen  
  18  2:45  Drone x2  
  20  2:59  Spine Crawler  
  19  3:10  Drone  
  20  3:25  Queen  
  22  3:27  Roach x2  
  22  3:31  Drone  
  27  3:37  Drone x2  
  29  3:43  Lair  
  29  3:45  Drone  
  29  3:46  Drone  
  31  3:59  Spine Crawler  
  30  4:23  Roach x2  
  34  4:32  Extractor  
  34  4:33  Overlord  
  34  4:34  Drone  
  34  4:36  Queen  
  26  5:05  Spire  
  26  5:06  Drone x3  
  28  5:07  Drone  
  28  5:11  Queen  
  28  5:12  Spine Crawler  
  30  5:20  Drone  
  31  5:23  Glial Reconstitution  
  31  5:25  Drone x2  
  33  5:36  Drone x2  
  33  5:39  Drone, Extractor  
  27  6:20  Overlord x2  
  27  6:21  Drone  
  27  6:23  Overlord  
  28  6:34  Corruptor  
  28  6:36  Overlord  
  30  6:54  Overseer  
  28  7:01  Corruptor x4  
  28  7:15  Drone x3  
  26  7:16  Drone  
  28  7:28  Corruptor  
  30  7:35  Corruptor  
  30  7:36  Drone  
  33  7:38  Overlord  
  33  7:49  Corruptor  
  35  7:54  Drone  
  36  8:10  Overlord  
  36  8:13  Zergling x2  
  37  8:22  Queen  
  39  8:27  Overlord  
  39  8:36  Overlord  
  39  8:59  Hatchery  
  38  9:15  Drone  
  38  9:16  Drone x2  
  41  9:40  Corruptor x2  
  45  10:02  Mutalisk x2  
  45  10:03  Mutalisk  
  51  10:11  Drone  
  52  10:15  Drone  
  53  10:36  Overlord  
  53  10:39  Mutalisk x3  
  59  11:03  Drone x3  
  61  11:19  Mutalisk x2  
  61  11:20  Drone  
  61  11:21  Drone  
  65  11:43  Mutalisk  
  51  12:10  Hatchery  
  48  12:25  Zergling x22  
  48  12:26  Metabolic Boost  
  51  13:07  Drone  
  51  13:08  Drone x2  
  51  13:09  Drone x2  
  52  13:16  Drone x3  
  52  13:17  Evolution Chamber, Drone  
  52  13:19  Evolution Chamber  
  54  13:33  Pneumatized Carapace  
  54  13:36  Roach x3  
  54  13:37  Roach  
  54  13:38  Roach  
  64  13:44  Extractor  
  64  13:46  Extractor  
  64  13:48  Roach x5  
  72  13:56  Queen  
  64  14:06  Roach x5  
  73  14:14  Zergling x8  
Show
View Real Time Build Order
Export as new Build Order

meatchef Protoss - Winner!

Build Orders: Cannon Rush 

Get SALT Encoding   

  1  0:00  Probe  
  12  0:05  Probe  
  14  0:23  Pylon  
  14  0:29  Probe  
  15  0:41  Probe  
  16  0:49  Forge  
  16  1:15  Pylon  
  16  1:35  Photon Cannon  
  16  1:43  Photon Cannon  
  16  1:48  Pylon  
  16  1:53  Photon Cannon  
  16  1:58  Gateway  
  16  2:00  Probe  
  16  2:13  Pylon  
  16  2:14  Probe  
  17  2:24  Photon Cannon  
  17  2:27  Pylon  
  17  2:33  Pylon  
  17  2:38  Probe  
  18  2:44  Photon Cannon  
  18  2:48  Photon Cannon  
  18  3:02  Photon Cannon  
  18  3:05  Zealot, Probe  
  21  3:23  Zealot  
  21  3:29  Photon Cannon  
  23  3:41  Probe  
  22  3:51  Photon Cannon  
  22  3:53  Cybernetics Core  
  20  4:00  Assimilator  
  20  4:15  Photon Cannon  
  20  4:17  Pylon  
  20  4:28  Photon Cannon  
  20  4:31  Probe  
  20  4:36  Assimilator  
  21  4:46  Shield Battery  
  21  4:53  Probe  
  21  5:05  Probe  
  22  5:08  Gateway  
  22  5:12  Warp Gate  
  22  5:16  Probe  
  23  5:24  Probe  
  23  5:35  Stargate  
  24  6:03  Nexus  
  24  6:13  Pylon, Probe  
  25  6:28  Gateway  
  25  6:40  Gateway  
  25  6:43  Protoss Ground Weapons Level 1  
  25  6:49  Probe  
  25  6:57  Pylon  
  25  7:01  Probe  
  26  7:05  Phoenix  
  28  7:12  Protoss Air Weapons Level 1  
  28  7:14  Probe  
  28  7:17  Probe  
  28  7:22  Probe  
  30  7:28  Adept  
  33  7:35  Adept  
  35  7:50  Adept  
  37  7:56  Adept  
  37  7:58  Probe  
  40  8:06  Shield Battery  
  40  8:07  Pylon  
  38  8:27  Probe  
  35  8:33  Probe  
  34  8:39  Probe  
  35  8:43  Photon Cannon  
  35  8:44  Shield Battery, Adept x2  
  35  8:45  Adept, Probe  
  35  8:46  Photon Cannon  
  35  8:47  Phoenix  
  44  8:50  Protoss Shields Level 1  
  44  8:53  Probe  
  45  8:57  Probe  
  46  9:05  Pylon  
  46  9:09  Probe  
  47  9:11  Nexus  
  47  9:14  Adept  
  49  9:22  Gateway  
  48  9:48  Phoenix  
  48  9:50  Stalker x3  
  56  9:55  Protoss Air Armor Level 1  
  56  10:05  Assimilator  
  56  10:09  Assimilator  
  56  10:13  Phoenix  
  58  10:15  Fleet Beacon  
  58  10:21  Probe  
  58  10:26  Probe x2  
  61  10:33  Probe  
  62  10:38  Pylon  
  62  10:40  Stargate  
  62  10:44  Phoenix  
  62  10:45  Probe  
  62  10:48  Adept  
  67  10:55  Pylon  
  67  11:04  Pylon  
  67  11:09  Phoenix  
  69  11:16  Shield Battery  
  69  11:17  Probe x3  
  72  11:19  Assimilator  
  72  11:34  Phoenix  
  72  11:39  Stalker x3  
  80  11:47  Nexus  
  80  11:53  Anion Pulse-Crystals  
  80  12:13  Shield Battery  
  78  12:32  Phoenix  
  78  12:35  Phoenix  
  75  13:16  Probe x2  
  75  13:17  Probe, Assimilator  
  78  13:22  Photon Cannon  
  78  13:23  Photon Cannon  
  78  13:27  Shield Battery, Photon Cannon  
  78  13:30  Shield Battery x2  
  78  13:32  Pylon  
  78  13:42  Phoenix  
  78  13:43  Phoenix  
  78  13:44  Nexus  
Show
View Real Time Build Order
Export as new Build Order

Mesohongry Protoss - Winner!

Build Orders:  

Get SALT Encoding   

  12  0:05  Probe  
  13  0:17  Probe  
  14  0:25  Pylon  
  14  0:29  Probe  
  15  0:43  Probe  
  15  0:47  Gateway  
  16  0:56  Probe  
  17  1:07  Probe  
  18  1:12  Assimilator  
  18  1:15  Probe  
  18  1:18  Assimilator  
  18  1:23  Probe  
  20  1:34  Probe  
  21  1:46  Cybernetics Core, Probe  
  22  1:50  Pylon  
  22  1:58  Probe  
  23  2:26  Twilight Council  
  23  2:27  Gateway  
  23  2:30  Gateway  
  23  2:32  Gateway  
  23  2:35  Warp Gate  
  23  2:51  Adept  
  25  3:09  Resonating Glaives  
  25  3:17  Adept  
  25  3:18  Adept x2  
  31  3:30  Pylon  
  31  3:37  Pylon  
  31  3:45  Adept x3  
  31  3:49  Adept  
  39  4:12  Adept  
  37  4:26  Stalker x3  
  39  4:52  Stalker x4  
  47  5:11  Dark Shrine  
  47  5:13  Forge  
  47  5:37  Nexus  
  47  5:43  Protoss Shields Level 1  
  47  6:10  Pylon x2  
  47  6:14  Shadow Stride  
  47  6:30  Dark Templar x2  
  51  7:21  Blink  
  51  7:22  Protoss Ground Weapons Level 1  
  47  7:27  Probe  
  47  7:28  Probe  
  49  7:40  Probe  
  50  7:50  Probe  
  51  7:52  Probe  
  52  8:02  Probe  
  52  8:04  Probe  
  54  8:20  Probe  
  54  8:21  Probe  
  54  8:23  Assimilator x2  
  55  8:29  Zealot x3  
  55  8:30  Zealot  
  55  8:33  Probe x2  
  65  8:38  Photon Cannon  
  65  8:40  Photon Cannon  
  65  8:45  Pylon  
  65  8:50  Pylon  
  65  8:52  Probe x2  
  65  8:53  Protoss Ground Armor Level 1  
  67  9:02  Zealot  
  69  9:03  Zealot  
  69  9:06  Zealot  
  73  9:16  Charge  
  73  9:23  Dark Templar x2  
  71  9:56  Nexus  
  71  9:59  Photon Cannon  
  71  10:08  Forge  
  71  10:12  Pylon  
  71  10:16  Pylon  
  71  10:21  Photon Cannon  
  71  10:23  Photon Cannon  
  71  10:24  Protoss Ground Weapons Level 2  
  71  10:39  Zealot  
  71  11:06  Stalker x2  
  55  11:46  Stalker x2  
  55  11:47  Stalker x2  
  61  11:56  Gateway  
  61  11:58  Gateway  
  61  11:59  Protoss Ground Armor Level 2  
  61  12:01  Gateway  
  59  12:39  Zealot x4  
  61  13:12  Nexus  
  61  13:16  Pylon  
  61  13:22  Pylon  
  61  13:30  Zealot  
  61  13:31  Zealot x5  
  73  13:38  Probe x2  
  55  14:34  Zealot x3  
  55  14:35  Zealot x3  
Tags
 
Add a new tag
Caveats
  • Supply blocks, unpowered buildings, or Contaminate may cause inaccurate times.
  • Supply counts are checked every 10 seconds.